 Dungeon Crawl Stone Soup version 0.29.0-11-gd7f09526c8 (webtiles) character file.

Game seed: 1834011115566997672

1629 blackman the Arsonist (level 9, 0/57 HPs)
             Began as a Human Fire Elementalist on Sept 5, 2022.
             Was a Follower of Vehumet.
             Slain by a water moccasin (3 damage)
             ... on level 6 of the Dungeon.
             The game lasted 00:14:44 (6973 turns).

blackman the Arsonist (Human Fire Elementalist)     Turns: 6973, Time: 00:14:45

Health: 0/57       AC:  5    Str:  8    XL:     9   Next: 18%
Magic:  16/22      EV: 12    Int: 19    God:    Vehumet [*.....]
Gold:   290        SH:  0    Dex: 15    Spells: 10/14 levels left

rFire   . . .      SeeInvis .   s - +3 hand axe
rCold   . . .      Faith    .   (no shield)
rNeg    + . .      Spirit   .   u - +1 robe {rN+}
rPois   .          Reflect  .   (no helmet)
rElec   .          Harm     .   (no cloak)
rCorr   .          Rampage  .   (no gloves)
Will    +....                   t - +1 pair of boots
Stlth   ++........              (no amulet)
HPRegen 0.19/turn               c - ring of magical power
MPRegen 0.18/turn               n - ring of willpower

@: lethally poisoned (0 -> -19)
A: no striking features
a: Renounce Religion


You were on level 6 of the Dungeon.
You worshipped Vehumet.
Vehumet was aware of your devotion.
You visited 2 branches of the dungeon, and saw 7 of its levels.

You collected 290 gold pieces.

Inventory:

Hand Weapons
 s - a +3 hand axe (weapon)
Missiles
 q - 4 curare-tipped darts
 r - a throwing net
Armour
 t - a +1 pair of boots (worn)
 u - a +1 robe of positive energy (worn)
 x - a +0 helmet
Jewellery
 c - a ring of magical power (left hand)
 k - a ring of flight
 n - a ring of willpower (right hand)
Wands
 l - a wand of iceblast (11)
 w - a wand of paralysis (14)
 y - a wand of mindburst (10)
Scrolls
 a - a scroll of teleportation
 f - a scroll of vulnerability
 j - a scroll of fog
 m - 3 scrolls of identify
 v - a scroll of fear {unknown}
 z - a scroll of blinking {unknown}
 A - a scroll of amnesia {unknown}
Potions
 b - 2 potions of magic
 d - 2 potions of heal wounds
 e - 3 potions of lignification {unknown}
 g - a potion of berserk rage {unknown}
 h - 3 potions of haste
 i - 2 potions of curing {unknown}
 o - 5 potions of attraction {unknown}
 p - a potion of invisibility {unknown}


   Skills:
 - Level 2.0 Dodging
 - Level 2.0 Stealth
 * Level 3.1 Spellcasting
 - Level 4.9 Conjurations
 * Level 10.0 Fire Magic


You had 10 spell levels left.
You knew the following spells:

 Your Spells              Type           Power      Damage    Failure   Level
a - Foxfire               Conj/Fire      100%       2x1d9     1%          1
b - Inner Flame           Hex/Fire       22%        N/A       6%          3

Your spell library contained the following spells:

 Spells                   Type           Power      Damage    Failure   Level
 Shock                    Conj/Air       48%        1d6       5%          1
 Magic Dart               Conj           84%        1d7       1%          1
 Scorch                   Fire           82%        2d9       1%          2
 Conjure Flame            Conj/Fire      31%        6-21      2%          3
 Flame Wave               Conj/Fire      31%        2d9       7%          4
 Blink                    Tloc           6%         N/A       22%         2
 Call Imp                 Summ           3%         N/A       22%         2
 Mephitic Cloud           Conj/Pois/Air  9%         N/A       22%         3
 Gell's Gravitas          Tloc           3%         N/A       41%         3
 Lesser Beckoning         Tloc           3%         N/A       41%         3
 Portal Projectile        Hex/Tloc       6%         N/A       41%         3
 Teleport Other           Tloc           3%         N/A       41%         3
 Tukima's Dance           Hex            3%         N/A       41%         3
 Cause Fear               Hex            1%         N/A       83%         4
 Blade Hands              Tmut           1%         N/A       99%         5
 Manifold Assault         Tloc           3%         N/A       99%         5
 Dragon Form              Tmut           1%         N/A       100%        7
 Storm Form               Tmut/Air       1%         N/A       100%        7
 Dragon's Call            Summ           1%         N/A       100%        9


Dungeon Overview and Level Annotations

Branches:
Dungeon (6/15)             Temple (1/1) D:4

Altars:
Cheibriados
Dithmenos
Elyvilon
Fedhas
Gozag
Hepliaklqana
Kikubaaqudgha
Nemelex Xobeh
Qazlal
Vehumet
Wu Jian
Xom
Zin
The Shining One

Shops:
D:4 (


Message History

The foxfire hits the water moccasin but does no damage.
The water moccasin is lightly wounded.
The water moccasin bites you.
The foxfire hits the water moccasin.
The water moccasin is moderately wounded.
Casting: Foxfire (safe; 1% risk of failure)
Confirm with . or Enter, or press ? or * to list all spells.
You conjure some foxfire!
You feel very sick.
The foxfire hits the water moccasin.
The water moccasin is moderately wounded.
The water moccasin bites you but does no damage.
Casting: Foxfire (safe; 1% risk of failure)
Confirm with . or Enter, or press ? or * to list all spells.
You conjure some foxfire!
You feel very sick. The water moccasin bites you. x2
You are lethally poisoned!
The water moccasin poisons you!
Casting: Foxfire (safe; 1% risk of failure)
Confirm with . or Enter, or press ? or * to list all spells.
You conjure some foxfire!
* * * LOW HITPOINT WARNING * * *
You feel very sick.
The foxfire hits the water moccasin but does no damage.
The water moccasin is moderately wounded.
The foxfire hits the water moccasin but does no damage.
The water moccasin is moderately wounded.
The foxfire hits the water moccasin.
The water moccasin is moderately wounded.
The water moccasin bites you.
* * * LOW HITPOINT WARNING * * *
The foxfire hits the water moccasin.
The water moccasin is heavily wounded.
Casting: Foxfire (safe; 1% risk of failure)
Confirm with . or Enter, or press ? or * to list all spells.
You conjure some foxfire!
* * * LOW HITPOINT WARNING * * *
You feel very sick. The water moccasin bites you.
You die...

## # ###
..#.# # #..
....# #.
#.#.#.#.#
.##
#.#.....#
..##<......#
#.#....#.#.#
#.#S#§.#.#
+..v@v.#.#
#.#vv§.....#
####.......
..#.####
....# #.###
.# .#


You could see a water moccasin (ally target).

Vanquished Creatures
  Sigmund (D:4)
  A wyvern (D:4)
  Menkaure (D:5)
  Edmund (D:5)
  3 black bears
  2 ogres
  4 scorpions
  A howler monkey (D:5)
  A hound (D:5)
  An iguana (D:6)
  A jelly (D:5)
  4 orc wizards
  4 gnolls (D:3)
  5 adders
  3 ufetubi
  2 worms (D:2)
  2 dart slugs
  15 orcs
  6 bats
  5 endoplasms
  2 giant cockroaches (D:1)
  2 goblins
  7 hobgoblins
  7 jackals
  7 kobolds
  3 quokkas
  5 ball pythons
  3 frilled lizards (D:1)
  3 rats
102 creatures vanquished.

Vanquished Creatures (others)
  610 foxfires
610 creatures vanquished.

Grand Total: 712 creatures vanquished

Notes
Turn   | Place    | Note
-------+----------+-------------------------------------------
     0 | D:1      | blackman the Human Fire Elementalist began the quest for
                  | the Orb.
     0 | D:1      | Reached XP level 1. HP: 13/13 MP: 3/3
   278 | D:1      | Reached XP level 2. HP: 19/19 MP: 5/5
  1168 | D:1      | Found a faded altar of an unknown god.
  1439 | D:2      | Reached skill level 4 in Fire Magic
  1439 | D:2      | Reached XP level 3. HP: 24/24 MP: 6/6
  2445 | D:3      | Reached XP level 4. HP: 13/30 MP: 7/7
  2967 | D:3      | Reached skill level 5 in Fire Magic
  3249 | D:3      | Reached XP level 5. HP: 35/35 MP: 8/8
  3859 | D:4      | Reached skill level 6 in Fire Magic
  3859 | D:4      | Reached XP level 6. HP: 36/41 MP: 9/9
  4185 | D:4      | Noticed an ogre
  4185 | D:4      | Noticed Sigmund
  4187 | D:4      | Noticed a wyvern
  4207 | D:4      | Killed Sigmund
  4208 | D:4      | Reached skill level 7 in Fire Magic
  4208 | D:4      | Reached XP level 7. HP: 40/46 MP: 10/10
  4212 | D:4      | Killed a wyvern
  4215 | D:4      | Reached skill level 8 in Fire Magic
  4481 | D:4      | Reached XP level 8. HP: 52/52 MP: 11/11
  4526 | D:4      | Found Runiuhur's Weapon Shop.
  4586 | D:4      | Found a staircase to the Ecumenical Temple.
  4634 | Temple   | Entered the Ecumenical Temple
  4853 | Temple   | Became a worshipper of Vehumet
  4905 | D:4      | Found a hazy altar of Hepliaklqana.
  4906 | D:4      | Found a shimmering altar of Xom.
  4907 | D:4      | Noticed a spectral ugly thing
  4907 | D:4      | Noticed a Killer Klown
  5409 | D:5      | Entered Level 5 of the Dungeon
  5437 | D:5      | Learned a level 3 spell: Inner Flame
  5808 | D:5      | Reached skill level 9 in Fire Magic
  5883 | D:5      | Reached * piety under Vehumet
  5883 | D:5      | Offered knowledge of Shock by Vehumet.
  6237 | D:5      | Found a white marble altar of Elyvilon.
  6289 | D:5      | Noticed Menkaure
  6300 | D:5      | Killed Menkaure
  6301 | D:5      | Reached XP level 9. HP: 37/57 MP: 12/12
  6661 | D:5      | Noticed Edmund
  6697 | D:5      | Killed Edmund
  6934 | D:6      | Reached skill level 10 in Fire Magic
  6973 | D:6      | Slain by a water moccasin

Illustrated notes

Levels and vault maps discovered:
D:1:      dpeg_arrival_radiant, layout_loops_ring,
          chequers_ecumenical_altar_lobes, minivault_19
D:2:      layout_basic
D:3:      layout_loops_ring, serial_aquarium, aquarium_bridge_square
          [aquarium_subvault_bridge, aquarium_subvault_window,
          aquarium_subvault_bridge, aquarium_subvault_wall],
          aquarium_window_corner, aquarium_window_1, aquarium_window_2,
          aquarium_view_2b, aquarium_view_2d
D:4:      layout_basic, regret_index_temple_of_mockery,
          minmay_temple_entry_large_hall, serial_shops, nicolae_diamond_shop,
          uniq_sigmund
D:5:      layout_loops_ring, nicolae_elyvilon_peaceful_grove, uniq_menkaure,
          uniq_edmund
D:6:      layout_basic, led_sif_pool, kennysheep_mini_moat, nrook_campfire
Temple:   nicolae_temple_bog_church

Skill      XL: |  1  2  3  4  5  6  7  8  9 |
---------------+----------------------------+-----
Fire Magic     | 4 5 6 7 8 9 10 | 10.0
Conjurations   | 2 3 4 |  4.9
Spellcasting   | 3 |  3.1
Dodging        | |  2.0
Stealth        | |  2.0

Action                   |  1- 3 |  4- 6 |  7- 9 || total
-------------------------+-------+-------+-------++-------
Melee: Unarmed           |     6 |     2 |       ||     8
       Hand axe          |       |     1 |     9 ||    10
Throw: Dart              |       |       |     5 ||     5
 Cast: Foxfire           |   128 |   105 |   174 ||   407
       Inner Flame       |       |       |     4 ||     4
Evoke: Wand              |       |     1 |     3 ||     4
  Use: Scroll            |       |     4 |       ||     4
       Potion            |       |       |     1 ||     1
Armor: Robe              |     4 |     1 |     5 ||    10
Dodge: Dodged            |    14 |     9 |    10 ||    33
